 Dungeon Crawl Stone Soup version 0.23-a0-183-gf37f6fb (webtiles) character file.

52 iamserjio the Grasshopper (level 3, -3/31 HPs)
             Began as a Draconian Wanderer on Sept 21, 2018.
             Slain by an orc
             ... wielding a +0 trident
              (7 damage)
             ... on level 3 of the Dungeon.
             The game lasted 00:03:13 (1458 turns).

iamserjio the Grasshopper (Draconian Wanderer)      Turns: 1458, Time: 00:03:14

Health: -3/31      AC:  5    Str: 13    XL:     3   Next: 60%
Magic:  4/4        EV: 11    Int: 15    God:
Gold:   113        SH:  0    Dex:  9    Spells: 4/4 levels left

rFire    . . .     SeeInvis .   c - +0 hand axe
rCold    . . .     Gourm    .   (no shield)
rNeg     . . .     Faith    .   (armour unavailable)
rPois    .         Spirit   .   (helmet restricted)
rElec    .         Reflect  .   (no cloak)
rCorr    .         Harm     .   (no gloves)
MR       .....                  (no boots)
Stlth    +.........             (no amulet)
HPRegen  0.10/turn              (no ring)
MPRegen  0.09/turn              (no ring)

@: no status effects
A: unfitting armour, cold-blooded, AC +5
a: no special abilities


You were on level 3 of the Dungeon.
You were not hungry.

You visited 1 branch of the dungeon, and saw 3 of its levels.

You collected 113 gold pieces.

Inventory:

Hand Weapons
 c - a +0 hand axe (weapon)
 n - a +0 hunting sling
Missiles
 a - 16 tomahawks (quivered)
 e - 25 arrows
 o - 15 sling bullets
Scrolls
 b - a scroll of remove curse {unknown}
 f - a scroll of immolation {unknown}
 h - 2 scrolls of identify {unknown}
 k - 2 scrolls of magic mapping {unknown}
Potions
 g - a potion of agility {unknown}
 i - 3 potions of lignification {unknown}
 j - a potion of might {unknown}
 l - a potion of flight {unknown}
Comestibles
 d - 7 rations
 m - 5 chunks of flesh


   Skills:
 - Level 3.0 Fighting
 - Level 1.0 Axes
 - Level 1.0 Stealth
 * Level 2.7 Unarmed Combat
 - Level 1.0 Spellcasting
   Level 4.0 Translocations
   Level 1.0 Evocations


You had 4 spell levels left.
You didn't know any spells.
Your spell library contained the following spells:

 Spells                   Type           Power        Failure   Level  Hunger
 Blink                    Tloc           N/A          7%          2    ###....
 Gell's Gravitas          Tloc           ##........   14%         3    ####...
 Lesser Beckoning         Tloc           ##........   14%         3    ####...
 Teleport Other           Tloc           ##......     14%         3    ####...
 Shroud of Golubria       Chrm/Tloc      #.........   16%         2    ###....
 Sting                    Conj/Pois      #...         24%         1    ##.....
 Passage of Golubria      Tloc           N/A          43%         4    #####..
 Ignite Poison            Fire/Tmut/Pois #.......     58%         3    ####...


Dungeon Overview and Level Annotations

Branches:
Dungeon (3/15)

Altars:
Uskayaw

Annotations:
D:3 Ijyb


Innate Abilities, Weirdness & Mutations

Your plain brown scales are hard. (AC +5)
You cannot fit into any form of body armour.
You are cold-blooded and may be slowed by cold attacks.


Message History

The dart slug bites you but does no damage.
The orc hits you with a flail. The dart slug barely misses you.
The orc wizard hits you with a dagger. The leopard gecko bites you.
* * * LOW HITPOINT WARNING * * *
Really walk into a travel-excluded area? [Y]es or [N]o only, please.
Really walk into a travel-excluded area?
Okay, then.
Okay, then.
Really walk into a travel-excluded area?
The dart slug launches a dart at you. The slug dart hits you!
* * * LOW HITPOINT WARNING * * *
The orc closely misses you.
There is a stone staircase leading up here.
The orc wizard hits you with a dagger.
* * * LOW HITPOINT WARNING * * *
The dart slug barely misses you.
The orc hits you from afar with a trident!
You die...

.... ... #...
#.. # #.#
.#..####.#
###
..%......##
...
#@..###.###.
##owo........
#.loog.#.#
#.#.##)#.##.#
#)#.##.#.....
#)#...o.#
#.####g.#
#..o....#
#######.#


You could see Ijyb, an orc priest, an orc wizard, a dart slug, 2 orcs and a
leopard gecko.

Vanquished Creatures
  An ooze (D:1)
  2 dart slugs
  2 leopard geckos
  An orc (D:3)
  A ball python (D:1)
  7 bats
  2 giant cockroaches
  4 goblins
  5 hobgoblins
  3 jackals (D:2)
  A quokka (D:2)
  3 frilled lizards
  2 kobolds
  4 rats
38 creatures vanquished.

Notes
Turn   | Place    | Note
-------+----------+-------------------------------------------
     0 | D:1      | iamserjio the Draconian Wanderer began the quest for the
                  | Orb.
     0 | D:1      | iamserjio set off with: a +0 hand axe, a ration
     0 | D:1      | Reached XP level 1. HP: 17/17 MP: 2/2
   150 | D:1      | Reached XP level 2. HP: 16/26 MP: 3/3
   378 | D:1      | Reached skill level 1 in Unarmed Combat
   924 | D:2      | Reached XP level 3. HP: 31/31 MP: 4/4
  1191 | D:2      | Noticed a hand axe
  1195 | D:2      | Noticed a hand axe
  1274 | D:2      | Found a hide-covered altar of Uskayaw.
  1367 | D:3      | Noticed Ijyb
  1458 | D:3      | Slain by an orc

Vault maps used:
D:1:      scummos_arrival_simple_fountains
D:2:      dancing_weapons_uskayaw, first_ration
D:3:      cheibriados_altar_1, biasface_ghost_orc_armoury, lemuel_old_faithful,
          uniq_ijyb

Skill      XL: |  1  2 |
---------------+-------+-----
Fighting       | 3 |  3.0
Unarmed Combat | 2 |  2.7
Axes           | |  1.0
Stealth        | |  1.0
Spellcasting   | |  1.0
Translocations | |  4.0
Evocations     | |  1.0

Action                   || total
-------------------------++-------
Melee: Hand axe          ||   115
       Tailslap          ||    10
       Punch             ||     1
 Stab: Sleeping          ||     2
  Eat: Chunk             ||     2
Armor: Skin              ||    54
Dodge: Dodged            ||    94

Table legend:
 A = Non-vault XP
 B = Vault XP
 C = Vault XP percentage of total XP
 D = Non-vault monster count
 E = Vault monster count
 F = Vault count percentage of total count
                 A         B        C        D         E       F
            +---------+---------+-------+---------+---------+-------
      Total |      75 |       0 |   0.0 |      38 |       0 |   0.0
            +---------+---------+-------+---------+---------+-------
        D:1 |      37 |       0 |   0.0 |      19 |       0 |   0.0
        D:2 |      31 |       0 |   0.0 |      16 |       0 |   0.0
        D:3 |       7 |       0 |   0.0 |       3 |       0 |   0.0
            +---------+---------+-------+---------+---------+-------
